 Dungeon Crawl Stone Soup version 0.29.1-1-gd02db6906a (webtiles) character file.

Game seed: 16524826048290255652

4276 Icepheonix32 the Fighter (level 10, 0/93 HPs)
             Began as a Minotaur Fighter on Oct 14, 2022.
             Was a Follower of Makhleb.
             Slain by a troll (10 damage)
             ... on level 9 of the Dungeon.
             The game lasted 00:15:56 (8822 turns).

Icepheonix32 the Fighter (Minotaur Fighter)         Turns: 8822, Time: 00:15:56

Health: 0/93       AC: 10    Str: 23    XL:     10   Next: 10%
Magic:  11/11      EV: 16    Int:  8    God:    Makhleb [*.....]
Gold:   185        SH:  0    Dex: 26    Spells: 9/9 levels left

rFire   + . .      SeeInvis .   e - +3 hand axe (elec)
rCold   + . .      Faith    .   l - orb {light}
rNeg    . . .      Spirit   .   C - +1 robe of the Trout {Slay+4}
rPois   +          Reflect  .   (helmet restricted)
rElec   +          Harm     .   (no cloak)
rCorr   +          Rampage  .   D - +2 pair of gloves {Str+3}
Will    .....                   v - +2 pair of boots
Stlth   +.........              (no amulet)
HPRegen 0.25/turn               j - +6 ring of dexterity
MPRegen 0.12/turn               s - +6 ring of dexterity

@: resistant, glowing
A: horns 2, retaliatory headbutt, agile 1, MP-powered wands
a: Renounce Religion


You were on level 9 of the Dungeon.
You worshipped Makhleb.
Makhleb was aware of your devotion.
You visited 1 branch of the dungeon, and saw 9 of its levels.
You also visited: Sewer.

You collected 478 gold pieces.
You spent 293 gold pieces at shops.

Inventory:

Hand Weapons
 a - a +1 war axe of venom
 e - a +3 hand axe of electrocution (weapon)
 y - a +2 mace of protection
 F - a +4 vampiric war axe
Missiles
 c - 30 poisoned darts
 h - a throwing net
 i - 4 javelins (quivered)
 k - 10 boomerangs
 o - 3 atropa-tipped darts
 I - 2 silver javelins
Armour
 b - a +0 scale mail
 d - a +0 chain mail
 g - a +2 robe of cold resistance
 l - an orb of light (worn)
 v - a +2 pair of boots (worn)
 w - the +0 buckler of the Distant Future {rPois Str+3}
   (You found it on level 3 of the Dungeon)

   Str:       It affects your strength (+3).
   rPois:     It protects you from poison.
 C - the +1 robe of the Trout (worn) {Slay+4}
   (You found it on level 5 of the Dungeon)

   Slay:      It affects your accuracy & damage with ranged weapons and melee
   (+4).
 D - a +2 pair of gloves of strength (worn)
 P - an orb of wrath
Jewellery
 j - a +6 ring of dexterity (left hand)
 n - a ring of see invisible
 s - a +6 ring of dexterity (right hand)
 B - a ring of magical power
 G - a +6 ring of intelligence
 L - a ring of protection from cold
Wands
 m - a wand of quicksilver (3)
 A - a wand of flame (16)
 R - a wand of charming (6)
Scrolls
 q - 3 scrolls of enchant armour
 x - 2 scrolls of blinking
 z - 3 scrolls of fog
 J - a scroll of torment {unknown}
 K - a scroll of teleportation
 M - a scroll of fear
 N - a scroll of summoning {unknown}
 S - a scroll of amnesia
Potions
 f - 4 potions of brilliance
 p - a potion of curing
 u - 2 potions of mutation
 E - a potion of flight {unknown}
 H - a potion of ambrosia {unknown}
 Q - 2 potions of might


   Skills:
 * Level 10.0 Fighting
 + Level 8.4(9.0) Axes
 - Level 5.0(7.4) Maces & Flails
 + Level 0.9 Throwing
 - Level 9.0 Armour
 * Level 4.7 Dodging
 + Level 2.1 Stealth
 - Level 4.0 Shields
 * Level 3.2 Invocations


You had 9 spell levels left.
You didn't know any spells.
Your spell library contained the following spells:

 Spells                   Type           Power      Damage    Failure   Level
 Apportation              Tloc           0%         N/A       41%         1
 Poisonous Vapours        Pois/Air       0%         N/A       54%         2
 Portal Projectile        Hex/Tloc       0%         N/A       78%         3
 Tukima's Dance           Hex            0%         N/A       78%         3
 Corpse Rot               Necr/Pois/Air  0%         N/A       99%         4
 Alistair's Intoxication  Tmut/Pois      0%         N/A       100%        5
 Blade Hands              Tmut           0%         N/A       100%        5


Dungeon Overview and Level Annotations

Branches:
Dungeon (9/15)             Temple (0/1) D:7           Sewer (visited)
   Lair: D:8-11         Orc: D:9-12

Altars:
Ashenzari
Makhleb
Vehumet

Shops:
D:2 **   D:3 [   D:7 *

Annotations:
D:5 exclusion: statue


Innate Abilities, Weirdness & Mutations

You have a pair of horns on your head.
You reflexively headbutt those who attack you in melee.
You are agile. (Dex +4, Str/Int -1)
You expend magic power (3 MP) to strengthen your wands.


Message History

Makhleb accepts your kill.
You hit the wolf. Your headbutt misses the wolf.
The wolf is moderately wounded.
The wolf bites you but does no damage. The wolf bites you.
You completely miss the wolf.
The wolf is moderately wounded.
The wolf bites you.
* * * LOW HITPOINT WARNING * * *
You slash the wolf! You headbutt the wolf.
The wolf is almost dead.
The wolf closely misses you. You furiously retaliate!
You headbutt the wolf.
You kill the wolf!
Makhleb accepts your kill.
You feel better. The wolf bites you.
You slash the wolf! Lightning courses through the wolf!
You kill the wolf!
Makhleb accepts your kill.
Your Fighting skill increases to level 10!
You completely miss the troll.
A two-headed ogre comes into view. It is wielding two +0 giant clubs.
The troll bites you!
* * * LOW HITPOINT WARNING * * *
The troll closely misses you. x2
The two-headed ogre shouts in stereo!
You hit the troll. You headbutt the troll!
The troll is heavily wounded.
You hear a howl!
The troll bites you but does no damage. The troll misses you.
The troll claws you.
* * * LOW HITPOINT WARNING * * *
You hit the troll. You headbutt the troll!
The troll is almost dead.
The troll completely misses you. The troll claws you.
* * * LOW HITPOINT WARNING * * *
The troll claws you.
* * * LOW HITPOINT WARNING * * *
Unknown command.
You feel better. The troll closely misses you. The troll barely misses you.
The troll claws you!
You die...

#.##### ....[)# ##
#..##.##...# ...<)......#
#....####.# #####.##.(.#
#.......... # #.# .##
#....~.~... . ..# <.#
#.....~~..~ ## ###
....####### #.....~~~.~
#....@Tc# #.?...~≈≈≈≈
#.#####.###.>..h~~≈≈≈
#.##....O....h.~~h~~h
#.....(h.............
#.##...........~~~~~~
..#####.##.##.###.......≈≈≈
..............# #....~~~~≈≈
####.##.##.##.# #.....~~≈≈≈
#.##.##.##.# ........~~.


You could see a two-headed ogre, a troll and a centaur.

Vanquished Creatures
  Prince Ribbit (D:7)
  Grinder (D:3)
  Sigmund (D:5)
  A wyvern (D:8)
  Duvessa (D:5)
  3 water moccasins
  2 ice beasts
  Pargi (Sewer)
  An orc warrior (D:6)
  2 black bears (D:7)
  3 ogres
  A sky beast (D:8)
  2 centaurs (D:5)
  3 wolves (D:9)
  4 kobold brigands
  2 bullfrogs
  A gnoll sergeant (D:8)
  A scorpion (D:5)
  8 wights
  Dowan (D:5)
  2 jellies
  4 orc priests
  3 hounds (D:6)
  Terence (D:3)
  6 iguanas
  5 orc wizards
  7 gnolls
  15 adders
  A shadow imp (D:6)
  3 worms
  2 dart slugs (D:5)
  17 orcs
  5 bats (Sewer)
  4 endoplasms
  6 goblins
  8 hobgoblins
  2 jackals (D:3)
  4 quokkas
  4 ball pythons
  2 frilled lizards
  22 kobolds
  6 rats
169 creatures vanquished.

Notes
Turn   | Place    | Note
-------+----------+-------------------------------------------
     0 | D:1      | Icepheonix32 the Minotaur Fighter began the quest for the
                  | Orb.
     0 | D:1      | Reached XP level 1. HP: 19/19 MP: 0/0
   378 | D:1      | Reached skill level 4 in Fighting
   378 | D:1      | Reached XP level 2. HP: 21/27 MP: 1/1
   848 | D:2      | Reached XP level 3. HP: 24/33 MP: 2/2
  1015 | D:2      | Found Luenaol's General Store.
  1056 | D:2      | Found Ofro's General Store.
  1076 | D:2      | Bought a scroll of identify for 20 gold pieces
  1076 | D:2      | Bought a potion of curing for 30 gold pieces
  1320 | D:2      | Found a burning altar of Makhleb.
  1432 | D:2      | Bought a scroll of identify for 28 gold pieces
  1435 | D:2      | Gained mutation: You expend magic power (3 MP) to
                  | strengthen your wands. [potion of mutation]
  1435 | D:2      | Gained mutation: You are agile. (Dex +4, Str/Int -1)
                  | [potion of mutation]
  1496 | D:3      | Found a glowing drain.
  1496 | D:3      | Found Nosoiw's Armour Emporium.
  1505 | D:3      | Reached XP level 4. HP: 34/41 MP: 3/3
  1571 | Sewer    | Entered a sewer
  1609 | Sewer    | Noticed Pargi
  1614 | Sewer    | Killed Pargi
  1615 | Sewer    | Reached skill level 5 in Axes
  1615 | Sewer    | Reached skill level 1 in Dodging
  1615 | Sewer    | Reached XP level 5. HP: 47/47 MP: 4/4
  1736 | D:3      | Noticed Terence
  1740 | D:3      | Killed Terence
  1741 | D:3      | Reached skill level 5 in Fighting
  1827 | D:3      | Identified the +0 buckler of the Distant Future {rPois
                  | Str+3}
  2032 | D:3      | Found a faded altar of an unknown god.
  2041 | D:3      | Noticed Grinder
  2042 | D:3      | Reached XP level 6. HP: 49/56 MP: 5/5
  2057 | D:3      | Paralysed by Grinder for 5 turns
  2066 | D:3      | Killed Grinder
  2067 | D:3      | Reached skill level 5 in Armour
  2619 | D:4      | Reached XP level 7. HP: 61/61 MP: 6/6
  3081 | D:4      | Reached skill level 6 in Fighting
  3592 | D:5      | Entered Level 5 of the Dungeon
  3630 | D:5      | Reached skill level 1 in Maces & Flails
  3775 | D:5      | Reached XP level 8. HP: 42/71 MP: 7/7
  4007 | D:5      | Noticed Sigmund
  4021 | D:5      | Killed Sigmund
  4022 | D:5      | Reached skill level 7 in Fighting
  4062 | D:5      | Noticed Dowan
  4374 | D:5      | Killed Dowan
  4713 | D:6      | Found a broken altar of Ashenzari.
  5076 | D:6      | Reached skill level 8 in Fighting
  5097 | D:6      | Reached skill level 5 in Maces & Flails
  5284 | D:6      | Reached XP level 9. HP: 80/81 MP: 8/8
  5313 | D:6      | Reached skill level 1 in Stealth
  5881 | D:5      | Noticed Duvessa
  5903 | D:5      | Killed Duvessa
  6350 | D:5      | Found a radiant altar of Vehumet.
  6383 | D:5      | Identified the +1 robe of the Trout {Slay+4}
  6644 | D:3      | Bought a +2 pair of gloves of strength for 215 gold pieces
  6670 | D:2      | Became a worshipper of Makhleb the Destroyer
  6760 | D:7      | Noticed Prince Ribbit
  6763 | D:7      | Killed Prince Ribbit
  6764 | D:7      | Reached skill level 1 in Invocations
  6844 | D:7      | Reached skill level 9 in Fighting
  7071 | D:7      | Found a staircase to the Ecumenical Temple.
  7243 | D:7      | Found Reikosa's Fire Supplies.
  7841 | D:8      | Reached * piety under Makhleb
  8695 | D:8      | Reached XP level 10. HP: 90/92 MP: 11/11
  8819 | D:9      | Reached skill level 10 in Fighting
  8819 | D:9      | Noticed a two-headed ogre
  8821 | D:9      | HP: 4/93 [troll (4)]
  8822 | D:9      | Slain by a troll

Illustrated notes

Levels and vault maps discovered:
D:1:      spicycebolla_green_bress_n_ham_2, layout_loops_ring
D:2:      layout_rooms, serial_shops, nicolae_square_shop, shop, basic_altar
D:3:      layout_loops_cross, serial_shops, shop, gup_sewer_entry_glass,
          hellmonk_ecumenical_altar_blasted, uniq_grinder, uniq_terence
D:4:      layout_layer_cave, dk_noncrumbling_2, kennysheep_flooded_box
D:5:      layout_basic, vehumet_statue, uniq_sigmund, uniq_duvessa
D:6:      layout_loops_corners, ashenzari_altar_1
D:7:      black_bear_nest_2, layout_loops_ring,
          minmay_temple_entry_statues_pillars, nicolae_shop_fire_sale
          [nicolae_sub_dead_trees], uniq_prince_ribbit1
D:8:      layout_basic
D:9:      layout_loops_cross, erik_lair_island, uniq_harold

Skill      XL: |  1  2  3  4  5  6  7  8  9 10 |
---------------+-------------------------------+-----
Fighting       | 4 5 6 8 9 10 | 10.0
Axes           | 3 5 6 8 |  8.4
Shields        | 4 |  4.0
Armour         | 4 5 7 8 9 |  9.0
Dodging        | 1 2 4 |  4.7
Maces & Flails | 2 5 |  5.0
Stealth        | 2 |  2.1
Invocations    | 3 |  3.2
Throwing       | |  0.9

Action                   |  1- 3 |  4- 6 |  7- 9 | 10-12 || total
-------------------------+-------+-------+-------+-------++-------
Melee: War axe           |    62 |    50 |    24 |       ||   136
       Headbutt          |     7 |    10 |    62 |     5 ||    84
       Mace              |       |       |   103 |       ||   103
       Hand axe          |       |       |   117 |    18 ||   135
Throw: Javelin           |       |     3 |     2 |       ||     5
  Use: Scroll            |     8 |     5 |     6 |     1 ||    20
       Potion            |     1 |     4 |     4 |     3 ||    12
 Stab: Sleeping          |       |       |     1 |       ||     1
Armor: Scale mail        |    24 |    32 |    74 |       ||   130
       Robe              |       |       |    15 |     7 ||    22
Dodge: Dodged            |    26 |    33 |   146 |    27 ||   232
Block: Buckler           |    11 |       |       |       ||    11
